 Dungeon Crawl Stone Soup version 0.30.1-11-g7821555f0a (webtiles) character file.

Game seed: 2809637798365292323

15340 FakeRyeBread the Grappler (level 12, -4/120 HPs)
             Began as a Troll Fighter on Nov 15, 2023.
             Was an Elder of Wu Jian.
             Slain by a sun demon (11 damage)
             ... summoned by a kobold demonologist
             ... on level 2 of the Abyss.
             The game lasted 00:26:43 (10052 turns).

FakeRyeBread the Grappler (Troll Fighter)          Turns: 10052, Time: 00:26:43

Health: -4/120     AC: -8    Str: 33    XL:     12   Next: 0%
Magic:  11/11      EV: 15    Int:  8    God:    Wu Jian [****..]
Gold:   694        SH: 14    Dex:  9    Spells: 11/11 levels left

rFire   . .          .
                       - Unarmed
rCold   . . .        b - +4 kite shield
rNeg    . . .        N - +0 steam dragon scales
rPois   .            (helmet restricted)
rElec   .            o - +0 cloak
rCorr   .            (gloves unavailable)
SInv    .            (boots unavailable)
Will    .....        y - amulet of regeneration
Stlth   +            F - +6 ring of strength
HPRegen 2.00/turn    C - +5 ring of evasion
MPRegen 0.12/turn

%: no passive effects
@: corroded
A: large, unfitting armour, claws 3, regeneration 1, shaggy fur 1, tough skin 1
a: Renounce Religion, Wall Jump, Serpent's Lash


You were on level 2 of the Abyss.
You worshipped Wu Jian.
Wu Jian was greatly pleased with you.
You visited 2 branches of the dungeon, and saw 13 of its levels.
You visited the Abyss 1 time.

You collected 694 gold pieces.

Inventory:

Missiles
 d - 90 stones (quivered)
 u - 18 poisoned darts
 w - 9 boomerangs
 B - 7 large rocks
 E - 6 javelins
Armour
 a - a +2 robe of the Archmagi
 b - a +4 kite shield (worn)
 o - a +0 cloak (worn)
 I - a +2 robe of willpower
 N - +0 steam dragon scales (worn)
Jewellery
 r - an amulet of faith
 s - a ring of protection from cold
 y - an amulet of regeneration (around neck)
 C - a +5 ring of evasion (right claw)
 F - a +6 ring of strength (left claw)
 K - a ring of fire
Wands
 g - a wand of charming (22)
 z - a wand of digging (6)
 D - a wand of flame (12)
 J - a wand of polymorph (10)
 M - a wand of iceblast (2)
Scrolls
 j - 2 scrolls of immolation
 l - 2 scrolls of poison
 q - 7 scrolls of teleportation
 A - 2 scrolls of fear
 L - 2 scrolls of magic mapping
Potions
 c - 3 potions of might
 e - 4 potions of resistance
 f - 4 potions of curing
 h - 3 potions of degeneration
 i - 4 potions of brilliance
 k - 4 potions of lignification
 m - 3 potions of attraction
 n - 2 potions of mutation
 p - 3 potions of berserk rage {unknown}
 t - 2 potions of ambrosia {unknown}
 v - 2 potions of heal wounds {unknown}
 G - a potion of invisibility
 H - 2 potions of cancellation {unknown}


   Skills:
 + Level 8.2 Fighting
 + Level 6.4 Dodging
 + Level 9.0 Shields
 * Level 13.1 Unarmed Combat


You had 11 spell levels left.
You didn't know any spells.
Your spell library contained the following spells:

 Spells                   Type           Power      Damage    Failure   Level
 Ignite Poison            Fire/Tmut/Pois 0%         N/A       90%         3
 Sticky Flame             Conj/Fire      0%         2d3       100%        4
 Conjure Ball Lightning   Conj/Air       0%         3x3d6     100%        6
 Discord                  Hex            0%         N/A       100%        8
 Disjunction              Tloc           0%         N/A       100%        8
 Ignition                 Fire           0%         3d3       100%        8


Dungeon Overview and Level Annotations

Branches:
Dungeon (12/15)            Temple (1/1) D:6            Lair (0/5) D:9
    Orc (0/2) D:10

Altars:
Ashenzari
Cheibriados
Dithmenos
Elyvilon
Fedhas
Gozag
Hepliaklqana
Kikubaaqudgha
Makhleb
Nemelex Xobeh
Okawaru
Qazlal
Ru
Sif Muna
Trog
Uskayaw
Vehumet
Wu Jian
Xom
Yredelemnul
Zin
The Shining One

Annotations:
D:11 3 runed translucent doors
D:12 Erolcha, Urug


Innate Abilities, Weirdness & Mutations

You are too large for most types of armour.
You have claws for hands.
Your natural rate of healing is unusually fast.
You are covered in fur. (AC +1)
You have tough skin. (AC +1)


Message History

You spin and attack the kobold demonologist repeatedly.
You mangle the kobold demonologist!!
The kobold demonologist is heavily wounded.
You scratch the kobold demonologist.
The kobold demonologist is severely wounded.
You spin and attack the rust devil.
You claw the rust devil!
The rust devil is heavily wounded.
The kobold demonologist looks satisfied for a moment.
The rust devil hits you. The rust devil corrodes you!
You scratch the kobold demonologist but do no damage.
The kobold demonologist is severely wounded.
The kobold demonologist mumbles some strange words.
You block the rust devil's attack. The stone giant zombie hits you!!
* * * LOW HITPOINT WARNING * * *
You spin and attack the kobold demonologist.
You closely miss the kobold demonologist.
The kobold demonologist is severely wounded.
The kobold demonologist closely misses you.
You feel better. The kobold demonologist misses you.
You block the sun demon's attack. The rust devil hits you!
* * * LOW HITPOINT WARNING * * *
The rust devil corrodes you!
You spin and attack the kobold demonologist.
You scratch the kobold demonologist but do no damage.
The kobold demonologist is severely wounded.
You spin and attack the rust devil.
You barely miss the rust devil.
The rust devil is heavily wounded.
You block the kobold demonologist's attack.
The rust devil hits you!
* * * LOW HITPOINT WARNING * * *
The rust devil corrodes you!
The kobold demonologist attacks as you move away!
The kobold demonologist hits you with a +0 dagger.
* * * LOW HITPOINT WARNING * * *
The rust devil attacks as you move away!
You block the rust devil's attack. The sun demon hits you!
* * * LOW HITPOINT WARNING * * *
You are engulfed in flames!
You die...

.# #.# ..#
.. .##
##..#
#.#Z##
#@34.#
#..##K...#
#...
......#
#..#
...#.#.
#.. .....#
#.. ....#.
.. ..... #
#.. ...#..


You could see a sun demon (summoned), a rust devil (summoned), a kobold
demonologist and a stone giant zombie.

Vanquished Creatures
  2 boulder beetles
  Erica (D:10)
  A two-headed ogre (D:11)
  A deep elf pyromancer (D:12)
  An ugly thing (D:10)
  A cyclops (D:11)
  A manticore (D:11)
  An unseen horror (D:11)
  Maggie (D:10)
  A gargoyle (D:11)
  2 kobold demonologists (D:11)
  A komodo dragon (D:12)
  Psyche (D:8)
  Grinder (D:3)
  Sigmund (D:4)
  2 wraiths
  2 vampires
  20 yaks
  5 vampire mosquitoes
  3 wargs (D:9)
  An acid dragon (D:9)
  5 orc warriors
  4 black bears
  A sky beast (D:7)
  An ice beast (D:8)
  4 ogres
  7 centaurs
  A small abomination (Abyss:2)
  Blork the orc (D:6)
  2 kobold brigands
  A bullfrog (D:7)
  2 gnoll sergeants (D:8)
  2 scorpions (D:7)
  7 wights
  3 electric eels (D:10)
  9 howler monkeys
  3 hounds
  2 jellies
  6 orc priests
  3 sleepcaps
  Crazy Yiuf (D:3)
  6 iguanas
  9 orc wizards
  Ijyb (D:3)
  Natasha (thrice) (D:4)
  10 adders
  15 gnolls
  2 shadow imps
  3 white imps
  2 ufetubi
  2 worms
  4 dart slugs
  42 orcs
  2 ball pythons
  5 bats
  3 endoplasms
  3 giant cockroaches
  10 goblins
  4 hobgoblins
  4 jackals
  A quokka (D:5)
  2 frilled lizards
  12 kobolds
  A rat (D:2)
261 creatures vanquished.

Notes
Turn   | Place    | Note
-------+----------+-------------------------------------------
     0 | D:1      | FakeRyeBread the Troll Fighter began the quest for the Orb.
     0 | D:1      | Reached XP level 1. HP: 22/22 MP: 0/0
   139 | D:1      | Reached XP level 2. HP: 29/29 MP: 1/1
   905 | D:2      | Reached XP level 3. HP: 27/36 MP: 2/2
   995 | D:2      | Reached skill level 3 in Unarmed Combat
  1653 | D:3      | Noticed Ijyb
  1664 | D:3      | Killed Ijyb
  1665 | D:3      | Reached XP level 4. HP: 33/45 MP: 3/3
  1886 | D:3      | Noticed Grinder
  2082 | D:3      | Found a white marble altar of Elyvilon.
  2166 | D:3      | Found a runed translucent door.
  2167 | D:3      | Noticed Crazy Yiuf
  2175 | D:3      | Killed Crazy Yiuf
  2176 | D:3      | Reached skill level 4 in Unarmed Combat
  2176 | D:3      | Reached XP level 5. HP: 47/53 MP: 4/4
  2286 | D:3      | Paralysed by Grinder for 3 turns
  2294 | D:3      | Paralysed by Grinder for 5 turns
  2312 | D:3      | Paralysed by Grinder for 3 turns
  2323 | D:3      | Paralysed by Grinder for 5 turns
  2335 | D:3      | Killed Grinder
  2336 | D:3      | Reached skill level 5 in Unarmed Combat
  2336 | D:3      | Reached XP level 6. HP: 50/61 MP: 5/5
  2362 | D:3      | Found a glowing golden altar of the Shining One.
  2547 | D:4      | Noticed Sigmund
  2560 | D:4      | Killed Sigmund
  2561 | D:4      | Reached XP level 7. HP: 68/68 MP: 6/6
  2653 | D:4      | Noticed Natasha
  2657 | D:4      | Killed Natasha
  2795 | D:4      | Reached skill level 6 in Unarmed Combat
  2887 | D:4      | Noticed Natasha
  2894 | D:4      | Killed Natasha
  3161 | D:4      | Noticed Natasha
  3168 | D:4      | Killed Natasha
  3212 | D:5      | Entered Level 5 of the Dungeon
  3319 | D:5      | Reached skill level 5 in Shields
  3319 | D:5      | Reached XP level 8. HP: 79/79 MP: 7/7
  3341 | D:5      | Reached skill level 7 in Unarmed Combat
  3836 | D:6      | Identified the +9 quarterstaff of Igukhigg {freeze, Stlth+}
  3899 | D:6      | Reached skill level 5 in Fighting
  3955 | D:6      | Found a staircase to the Ecumenical Temple.
  3966 | Temple   | Entered the Ecumenical Temple
  4271 | Temple   | Became a worshipper of the Wu Jian Council
  4417 | D:6      | Noticed Blork the orc
  4426 | D:6      | Killed Blork the orc
  4479 | D:6      | Reached skill level 8 in Unarmed Combat
  4705 | D:6      | Reached XP level 9. HP: 88/88 MP: 8/8
  4972 | D:6      | Reached skill level 9 in Unarmed Combat
  5322 | D:7      | Reached * piety under Wu Jian
  5929 | D:8      | Noticed Psyche
  5934 | D:8      | Killed Psyche
  6196 | D:8      | Reached skill level 10 in Unarmed Combat
  6299 | D:8      | Reached XP level 10. HP: 100/100 MP: 9/9
  6422 | D:8      | Reached ** piety under Wu Jian
  7174 | D:9      | Reached skill level 11 in Unarmed Combat
  7228 | D:9      | Found a staircase to the Lair.
  7692 | D:10     | Entered Level 10 of the Dungeon
  7692 | D:10     | Noticed Erica
  7701 | D:10     | Reached skill level 5 in Dodging
  7710 | D:10     | Killed Erica
  7748 | D:10     | Reached XP level 11. HP: 109/109 MP: 10/10
  7797 | D:10     | Reached *** piety under Wu Jian
  8028 | D:10     | Noticed Maggie
  8035 | D:10     | Killed Maggie
  8142 | D:10     | Noticed a green ugly thing
  8150 | D:10     | Killed a green ugly thing
  8240 | D:10     | Found a staircase to the Orcish Mines.
  8269 | D:10     | Reached skill level 12 in Unarmed Combat
  8549 | D:11     | Reached **** piety under Wu Jian
  8683 | D:11     | Noticed a boulder beetle
  8683 | D:11     | Found a shadowy altar of Dithmenos.
  8697 | D:11     | Killed a boulder beetle
  8792 | D:11     | Found a runed translucent gate.
  8793 | D:11     | Found a runed translucent gate.
  8793 | D:11     | Found a runed translucent gate.
  8793 | D:11     | Noticed a purple ugly thing
  8794 | D:11     | Noticed a red ugly thing
  8837 | D:11     | Noticed a two-headed ogre
  8848 | D:11     | Killed a two-headed ogre
  9430 | D:11     | Noticed a brown ugly thing
  9681 | D:12     | Noticed a deep elf pyromancer
  9682 | D:12     | Noticed a boulder beetle
  9692 | D:12     | Killed a deep elf pyromancer
  9703 | D:12     | Killed a boulder beetle
  9704 | D:12     | Reached skill level 13 in Unarmed Combat
  9910 | D:12     | Noticed Urug
  9910 | D:12     | Noticed Erolcha
  9916 | Abyss:2  | Cast into level 2 of the Abyss (Erolcha)
  9943 | Abyss:2  | Found a corrupted altar of Lugonu.
  9984 | Abyss:2  | Reached XP level 12. HP: 120/120 MP: 11/11
  9992 | Abyss:2  | Found a corrupted altar of Lugonu.
 10006 | Abyss:2  | Found a corrupted altar of Lugonu.
 10052 | Abyss:2  | Slain by a sun demon

Illustrated notes

Levels and vault maps discovered:
D:1:      psy_arrival_basics, layout_basic
D:2:      layout_basic, minmay_3d_cube
D:3:      layout_basic, lemuel_doored_altar, mainiacjoe_overflow_alcove_2,
          uniq_grinder, uniq_crazy_yiuf_cottage, uniq_ijyb
D:4:      layout_loops_ring, uniq_sigmund, uniq_natasha
D:5:      layout_basic, hangedman_decor_push, chequers_serial_rivers_room_b,
          hangedman_glass_teeth, minmay_liquid_box
D:6:      minmay_bubble_buster, layout_basic, minmay_temple_entry_crystal_x,
          chequers_serial_rivers_room_b, uniq_blork_the_orc
D:7:      layout_gridville, chequers_serial_rivers_small_a
D:8:      layout_loops_corners, uniq_psyche
D:9:      layout_basic, erik_lair_orcish_takeover
D:10:     layout_roguey, david_orc_5, serial_bayou_lake_a, uniq_erica,
          uniq_maggie
D:11:     layout_irregular_city, ploomutoo_gammafunk_ghost_potion_laboratory,
          grunt_dithmenos_smoke_and_mirrors
D:12:     layout_stronghold, serial_rivers, chequers_serial_rivers_micro_d,
          chequers_serial_rivers_micro_e, chequers_serial_rivers_small_b,
          chequers_serial_rivers_large_b, amcnicky_mini_corridor_feature,
          hangedman_weighted_door, hex_large, uniq_urug, uniq_erolcha
Temple:   mainiacjoe_temple_cubbyholes
Abyss:2:  base: D:7, minivault_23, evilmike_abyss_exit_plants

Skill      XL: |  1  2  3  4  5  6  7  8  9 10 11 |
---------------+----------------------------------+-----
Shields        | 3 4 5 6 7 9 |  9.0
Unarmed Combat | 3 4 5 6 8 10 11 13 | 13.1
Fighting       | 3 4 5 6 7 8 |  8.2
Dodging        | 3 5 6 |  6.4

Action                     |  1- 3 |  4- 6 |  7- 9 | 10-12 || total
---------------------------+-------+-------+-------+-------++-------
  Melee: Unarmed           |   104 |    55 |   322 |   387 ||   868
  Throw: Dart              |       |       |    19 |     4 ||    23
         Large rock        |       |       |     2 |     2 ||     4
         Stone             |       |       |       |     2 ||     2
Ability: Lunge             |       |       |    13 |    38 ||    51
         Whirlwind         |       |       |     2 |    24 ||    26
  Evoke: Wand              |       |     1 |       |       ||     1
    Use: Scroll            |     7 |     3 |     8 |     6 ||    24
         Potion            |       |       |       |     1 ||     1
 Armour: Robe              |    35 |    12 |    45 |    14 ||   106
         Steam dragon scal |       |       |       |    40 ||    40
  Dodge: Dodged            |    35 |    19 |   113 |   131 ||   298
  Block: Kite shield       |    39 |    17 |   137 |   155 ||   348
